 Dungeon Crawl Stone Soup version 0.30-a0-728-gc68057be0a (webtiles) character file.

Game seed: 9714418308561347145

49 lilitu the Trooper (level 3, -7/33 HPs)
             Began as a Minotaur Fighter on Jan 31, 2023.
             Mangled by a gnoll
             ... wielding a +0 halberd
              (9 damage)
             ... on level 2 of the Dungeon.
             The game lasted 00:02:02 (1148 turns).

lilitu the Trooper (Minotaur Fighter)               Turns: 1148, Time: 00:02:02

Health: -7/33      AC:  7    Str: 22    XL:     3   Next: 51%
Magic:  2/2        EV:  9    Int:  5    God:
Gold:   63         SH:  4    Dex:  9    Spells: 2/2 levels left

rFire   . . .      SeeInvis .    a - +0 flail
rCold   . . .      Faith    .    c - +0 buckler
rNeg    . . .      Spirit   .    b - +0 scale mail
rPois   .          Reflect  .    (helmet restricted)
rElec   .          Harm     .    (no cloak)
rCorr   .          Rampage  .    (no gloves)
Will    .....                    (no boots) Stlth
                                 (no amulet)
HPRegen 0.25/turn                (no ring)
MPRegen 0.08/turn                (no ring)

@: no status effects
A: horns 2, retaliatory headbutt
a: no special abilities


You were on level 2 of the Dungeon.
You visited 1 branch of the dungeon, and saw 2 of its levels.

You collected 63 gold pieces.

Inventory:

Hand Weapons
 a - a +0 flail (weapon)
Missiles
 h - 3 poisoned darts (quivered)
 m - 29 stones
Armour
 b - a +0 scale mail (worn)
 c - a +0 buckler (worn)
Jewellery
 f - a +6 ring of strength
Scrolls
 e - a scroll of teleportation {unknown}
 g - a scroll of enchant weapon {unknown}
 j - 3 scrolls of identify {unknown}
 k - a scroll of silence {unknown}
 p - 2 scrolls of fear {unknown}
Potions
 d - a potion of might
 i - a potion of berserk rage {unknown}
 l - a potion of brilliance {unknown}
 n - a potion of degeneration {unknown}
 o - a potion of attraction {unknown}
 q - 2 potions of curing {unknown}
 r - a potion of mutation {unknown}


   Skills:
 + Level 4.1 Fighting
 + Level 3.0 Maces & Flails
 + Level 1.2 Throwing
 + Level 4.0 Armour
 + Level 4.0 Shields


You had 2 spell levels left.
You didn't know any spells.
Your spell library was empty.

Dungeon Overview and Level Annotations

Branches:
Dungeon (2/15)

Altars:


Innate Abilities, Weirdness & Mutations

You have a pair of horns on your head.
You reflexively headbutt those who attack you in melee.


Message History

You see here a +0 dagger.
r - a silvery potion A gnoll comes into view.
It is wielding a +0 spear.
The gnoll shouts!
You hear a shout! x2
The gnoll moves out of view.
You hear a shout!
A gnoll comes into view. It is wielding a +0 halberd.
You block the gnoll's attack. You block the gnoll's attack.
The gnoll hits you from afar with a +0 halberd.
A gnoll comes into view. It is wielding a +0 club.
You barely miss the gnoll. The gnoll hits you but does no damage.
The gnoll barely misses you.
You sock the gnoll!
The gnoll is heavily wounded.
The gnoll barely misses you. x2
You hit the gnoll but do no damage.
The gnoll is heavily wounded.
You block the gnoll's attack.
The gnoll hits you from afar with a +0 halberd!
The gnoll hits you but does no damage.
A gnoll comes into view. It is wielding a +0 whip.
The gnoll hits you but does no damage.
You hit the gnoll.
You kill the gnoll!
The gnoll hits you but does no damage.
You hit the gnoll.
The gnoll is moderately wounded.
The gnoll hits you from afar with a +0 halberd!
The gnoll hits you with a +0 whip.
You hit the gnoll. Your headbutt misses the gnoll.
The gnoll is severely wounded.
The gnoll hits you from afar with a +0 halberd!
* * * LOW HITPOINT WARNING * * *
The gnoll closely misses you.
You thump the gnoll!
You kill the gnoll!
The gnoll closely misses you.
The gnoll hits you from afar with a +0 halberd!
You die...

##.......# #.#
.'.......# #.#
.#.......# #.#
##.......# #.#
##.......# #.#
##.......# ####.#
######'## #....#
#.# #.#### #.# #@#
#######.########g#
............../.g.
#........#######.#.
+........# #.#.#
#........# ..# #
########## ### #..
#.#.#


You could see 2 gnolls.

Vanquished Creatures
  2 gnolls (D:2)
  2 worms (D:2)
  4 ball pythons
  2 bats
  2 endoplasms (D:1)
  2 goblins (D:1)
  2 hobgoblins
  4 jackals (D:2)
  3 quokkas
  A frilled lizard (D:1)
  3 kobolds
  4 rats
31 creatures vanquished.

Notes
Turn   | Place    | Note
-------+----------+-------------------------------------------
     0 | D:1      | lilitu the Minotaur Fighter began the quest for the Orb.
     0 | D:1      | Reached XP level 1. HP: 19/19 MP: 0/0
   224 | D:1      | Reached XP level 2. HP: 27/27 MP: 1/1
   925 | D:2      | Reached skill level 1 in Throwing
   925 | D:2      | Reached XP level 3. HP: 33/33 MP: 2/2
  1147 | D:2      | HP: 1/33 [gnoll/+0 halberd (9)]
  1148 | D:2      | Mangled by a gnoll

Illustrated notes

Levels and vault maps discovered:
D:1:      heliophobic_arrival_battle_scene, layout_loops_ring
D:2:      layout_basic, uniq_crazy_yiuf_cottage

Skill      XL: |  1  2  3 |
---------------+----------+-----
Fighting       | 4 |  4.1
Throwing       | 1 |  1.2
Armour         | 4 |  4.0
Shields        | 4 |  4.0
Maces & Flails | 3 |  3.0

Action                     || total
---------------------------++-------
  Melee: Flail             ||    71
         Headbutt          ||     7
 Armour: Scale mail        ||    39
  Dodge: Dodged            ||    32
  Block: Buckler           ||    18

Table legend: (Time is in decaauts)
 A = Elapsed time spent in this place.
 B = Non-inter-level travel time spent in this place.
 C = Inter-level travel time spent in this place.
 D = Time resting spent in this place.
 E = Time spent auto-exploring this place.
 F = Levels seen in this place.
 G = Mean time per level.
                   A        B        C        D        E       F      G
               +--------+--------+--------+--------+--------+-----+--------+
         Total |   1169 |   1152 |     17 |      0 |    862 |   2 |  584.5 |
       Dungeon |   1169 |   1152 |     17 |      0 |    862 |   2 |  584.5 |
               +--------+--------+--------+--------+--------+-----+--------+

Top non-repeatable levels by time:
     D:1: 704 daAuts
     D:2: 464 daAuts
